 Dungeon Crawl Stone Soup version 0.31-a0-986-g5e6e4ef867 (webtiles) character file.

Game seed: 15006942300834469378

196 Dordric the Changeling (level 5, -3/30 (33) HPs)
             Began as an Octopode Shapeshifter on Nov 6, 2023.
             Was an Initiate of Ashenzari.
             Slain by a wight
             ... wielding a +0 flail
              (9 damage)
             ... on level 4 of the Dungeon.
             The game lasted 00:02:50 (2119 turns).

Dordric the Changeling (Octopode Shapeshifter)      Turns: 2119, Time: 00:02:50

HP:   -3/30 (33)    AC:  1    Str: 14    XL:     5   Next: 74%
MP:   5/5           EV: 13    Int: 12    God:    Ashenzari [......]
Gold: 138           SH:  0    Dex: 13    Spells: 4/4 levels left

rFire   . .          .
                       - Unarmed
rCold   . . .        (no shield)
rNeg    . . .        (helmet currently unavailable)
rPois   .            (no amulet)
rElec   .            (no ring)
rCorr   .            (no ring)
SInv    .            (no ring)
Will    .....        (no ring)
Stlth   ++           (no ring)
HPRegen 0.25/turn    (no ring)
MPRegen 0.09/turn    (no ring)
                     (no ring)

%: no passive effects
@: beast-form, drained
A: beast (slay +3), almost no armour, amphibious, 8 rings, camouflage 1,
gelatinous body 1, (nimble swimmer 1), tentacles
a: Begin Untransformation, Renounce Religion


You were on level 4 of the Dungeon.
You worshipped Ashenzari.
Ashenzari was noncommittal.
You were a hulking beast.
You visited 1 branch of the dungeon, and saw 4 of its levels.

You collected 138 gold pieces.

Inventory:

Jewellery
 j - a ring of resist corrosion
 l - an amulet of guardian spirit
 v - a +6 ring of intelligence
Talismans
 b - a beast talisman
 c - a flux talisman
 q - a granite talisman
Wands
 u - a wand of paralysis (5)
Scrolls
 d - 4 scrolls of identify {unknown}
 e - a scroll of teleportation {unknown}
 h - a scroll of immolation {unknown}
 k - a scroll of fear {unknown}
 m - a scroll of amnesia {unknown}
 p - a scroll of noise {unknown}
 r - a scroll of vulnerability {unknown}
 s - a scroll of butterflies {unknown}
 t - a scroll of brand weapon {unknown}
 w - a scroll of fog {unknown}
Potions
 a - a potion of lignification
 f - 4 potions of curing {unknown}
 g - 4 potions of degeneration {unknown}
 i - a potion of might {unknown}
 n - a potion of enlightenment {unknown}
 o - a potion of mutation {unknown}


   Skills:
 - Level 1.0 Fighting
 - Level 2.0 Dodging
 - Level 3.0 Unarmed Combat
 + Level 5.8 Shapeshifting


You had 4 spell levels left.
You didn't know any spells.
Your spell library contained the following spells:

 Spells                   Type           Power      Damage    Failure   Level
 Sting                    Tmut/Pois      0%         1d3       32%         1
 Poisonous Vapours        Pois/Air       0%         N/A       45%         2
 Olgreb's Toxic Radiance  Pois           0%         N/A       97%         4


Dungeon Overview and Level Annotations

Branches:
Dungeon (4/15)
 Temple: D:4-7

Altars:
Ashenzari
Ru

Shops:
D:1 :


Innate Abilities, Weirdness & Mutations

You are a hulking beast.
Your limbs bulge with bestial killing power. (Slay +3)
You cannot wear most types of armour.
You are amphibious.
You can wear up to eight rings at the same time.
Your skin changes colour to match your surroundings (Stealth+).
Your rubbery body absorbs attacks. (AC +1, EV +1)
((You are camouflaged when in or above water. (Stealth+)))
You have tentacles for arms and can constrict up to eight enemies at once.


Message History

You constrict the iguana, but do no damage.
The iguana bites you!
You tentacle-slap the iguana.
The iguana is almost dead.
You constrict the iguana.
You kill the iguana!
No target in view!
No target in view!
No target in view!
HP restored.
g - 4 bubbling cyan potions (gained 1)
There is a stone staircase leading up here. 3 wights come into view.
A wight is wielding a +4 falchion of freezing.
The wight moves out of view. x2
A wight is nearby!
A wight is nearby!
A wight comes into view. It is wielding a +2 flail.
A wight comes into view. It is wielding a +0 hand axe.
The wight closely misses you.
You tentacle-slap the wight. You grab the wight. You squeeze the wight.
The wight is lightly damaged.
You constrict the wight. The wight closely misses you.
You tentacle-slap the wight but do no damage.
The wight is moderately damaged.
You constrict the wight, but do no damage.
You tentacle-slap the wight.
You squeeze the wight, but do no damage.
The wight is heavily damaged.
You constrict the wight. The wight closely misses you.
You tentacle-slap the wight.
The wight is severely damaged.
You constrict the wight. The wight hits you with a +0 flail!
You feel drained.
The wight hits you with a +0 long sword!
* * * LOW HITPOINT WARNING * * *
You feel drained.
* * * LOW HITPOINT WARNING * * *
You release your grip on the wight.
The wight attacks as it pursues you! The wight hits you with a +0 flail!
You die...

#.# ...#
#..# #..#
..# #.#
####.######
#....h.<..#
#.##z####.#
#.# #.#
#zz# #.#
z#.# #.# ..
.# #.# ...
.# #.# #...
.. ..# ###.
.# ###


You could see 3 wights.

Vanquished Creatures
  Natasha (thrice) (D:3)
  An iguana (D:4)
  A gnoll (D:1)
  An adder (D:2)
  2 dart slugs (D:3)
  7 ball pythons
  4 endoplasms
  3 giant cockroaches
  7 goblins
  5 hobgoblins
  12 jackals
  4 kobolds
  2 quokkas (D:1)
  8 bats
  2 frilled lizards
  5 rats (D:1)
67 creatures vanquished.

Notes
Turn   | Place    | Note
-------+----------+-------------------------------------------
     0 | D:1      | Dordric the Octopode Shapeshifter began the quest for the
                  | Orb.
     0 | D:1      | Reached XP level 1. HP: 13/13 MP: 1/1
   206 | D:1      | Reached XP level 2. HP: 18/18 MP: 2/2
   413 | D:1      | Reached XP level 3. HP: 23/23 MP: 3/3
   444 | D:1      | Reached skill level 4 in Shapeshifting
   504 | D:1      | Found Ymox's Book Shoppe.
  1005 | D:2      | Reached XP level 4. HP: 14/28 MP: 4/4
  1187 | D:2      | Found a faded altar of an unknown god.
  1545 | D:3      | Noticed Natasha
  1554 | D:3      | Killed Natasha
  1555 | D:3      | Reached skill level 5 in Shapeshifting
  1604 | D:3      | Noticed Natasha
  1609 | D:3      | Killed Natasha
  1610 | D:3      | Reached XP level 5. HP: 16/33 MP: 5/5
  1796 | D:3      | Noticed Natasha
  1802 | D:3      | Killed Natasha
  1852 | D:3      | Found a sacrificial altar of Ru.
  1986 | D:3      | Found a broken altar of Ashenzari.
  2060 | D:3      | Became a worshipper of Ashenzari the Shackled
  2119 | D:4      | Slain by a wight

Illustrated notes

Levels and vault maps discovered:
D:1:      dpeg_arrival_arbitrary_a, layout_loops_ring, serial_shops, shop,
          minmay_tripent
D:2:      layout_basic, shapermc_ecumenical_altar_petra,
          nicolae_elevator_lobby_plus
D:3:      layout_rooms, nicolae_ru_path_of_blood, evilmike_ruin_ashenzari,
          uniq_natasha
D:4:      layout_loops_corners, zin_academy, gammafunk_temple_overflow_statue,
          minmay_temple_entry_proselytizer, minmay_fractal_squares_diagonal_5,
          uniq_duvessa, uniq_sigmund

Skill      XL: |  1  2  3  4 |
---------------+-------------+-----
Shapeshifting  | 4 5 |  5.8
Fighting       | |  1.0
Dodging        | |  2.0
Unarmed Combat | |  3.0

Action                     |  1- 3 |  4- 6 || total
---------------------------+-------+-------++-------
  Melee: Unarmed           |    73 |    54 ||   127
         Constrict         |    22 |    18 ||    40
         Tentacles         |    16 |     9 ||    25
         Punch             |     3 |       ||     3
   Stab: Sleeping          |     2 |     5 ||     7
 Armour: Skin              |    32 |    25 ||    57
  Dodge: Dodged            |    62 |    23 ||    85

Table legend: (Time is in decaauts)
 A = Elapsed time spent in this place.
 B = Non-inter-level travel time spent in this place.
 C = Inter-level travel time spent in this place.
 D = Time resting spent in this place.
 E = Time spent auto-exploring this place.
 F = Levels seen in this place.
 G = Mean time per level.
                   A        B        C        D        E       F      G
               +--------+--------+--------+--------+--------+-----+--------+
         Total |   2112 |   2091 |     21 |      0 |   1712 |   4 |  528.0 |
       Dungeon |   2112 |   2091 |     21 |      0 |   1712 |   4 |  528.0 |
               +--------+--------+--------+--------+--------+-----+--------+

Top non-repeatable levels by time:
     D:1: 870 daAuts
     D:2: 629 daAuts
     D:3: 566 daAuts
     D:4: 45 daAuts
